 Dungeon Crawl Stone Soup version 0.26-a0-784-g51bffae0b1 (webtiles) character file.

Game seed: 2859622750538208227

968 Kinoniko the Ruffian (level 7, -4/70 HPs)
             Began as a Troll Monk on Nov 10, 2020.
             Slain by a lemure (7 damage)
             ... led by Pikel
             ... on level 4 of the Dungeon.
             The game lasted 00:04:56 (3890 turns).

Kinoniko the Ruffian (Troll Monk)                   Turns: 3890, Time: 00:04:57

Health: -4/70      AC:  7    Str: 21    XL:     7   Next: 93%
Magic:  6/6        EV: 10    Int:  7    God:
Gold:   186        SH:  0    Dex: 12    Spells: 6/6 levels left

rFire    + . .     SeeInvis .   l - +3 falchion (vamp)
rCold    + . .     Faith    .   (no shield)
rNeg     . . .     Spirit   .   b - +1 robe
rPois    +         Reflect  .   (helmet restricted)
rElec    +         Harm     .   (no cloak)
rCorr    +         Rampage  .   (gloves unavailable)
MR       ++...                  (boots unavailable)
Stlth    ++........             (no amulet)
HPRegen  0.61/turn              m - ring of protection from magic
MPRegen  0.10/turn              n - ring of protection from magic

@: mighty, resistant
A: large, unfitting armour, claws 3, regeneration 1, shaggy fur 1, tough skin 3
a: no special abilities


You were on level 4 of the Dungeon.
You visited 1 branch of the dungeon, and saw 6 of its levels.

You collected 186 gold pieces.

Inventory:

Hand Weapons
 a - a +0 falchion
 l - a +3 vampiric falchion (weapon)
Armour
 b - a +1 robe (worn)
Jewellery
 m - a ring of protection from magic (left claw)
 n - a ring of protection from magic (right claw)
Wands
 f - a wand of flame (14)
Scrolls
 d - 4 scrolls of remove curse
 e - 2 scrolls of teleportation
 i - 8 scrolls of identify
 j - a scroll of immolation {unknown}
 k - a scroll of fog {unknown}
Potions
 c - a potion of might
 h - a potion of berserk rage {unknown}


   Skills:
 + Level 4.1 Fighting
 * Level 5.4 Long Blades
 - Level 2.4 Dodging
 - Level 1.0 Stealth
 * Level 5.6 Unarmed Combat


You had 6 spell levels left.
You didn't know any spells.
Your spell library contained the following spells:

 Spells                   Type           Power        Failure   Level
 Summon Small Mammal      Summ           #...         43%         1
 Call Imp                 Summ           #.......     56%         2
 Call Canine Familiar     Summ           #.......     80%         3
 Summon Guardian Golem    Hex/Summ       #.......     80%         3
 Summon Ice Beast         Ice/Summ       #.......     99%         4
 Summon Lightning Spire   Summ/Air       #.......     99%         4


Dungeon Overview and Level Annotations

Branches:
Dungeon (6/15)
 Temple: D:4-7

Altars:

Annotations:
D:5 Pikel


Innate Abilities, Weirdness & Mutations

You are too large for most types of armour.
You have claws for hands.
Your natural rate of healing is unusually fast.
You are covered in fur. (AC +1)
You have extremely tough skin. (AC +3)


Message History

You hit the lemure.
The lemure is almost dead.
The lemure hits you.
* * * LOW HITPOINT WARNING * * *
You slash the lemure!
You kill the lemure!
That felt strangely unrewarding.
You barely miss the lemure.
The lemure is heavily wounded.
The lemure hits you.
* * * LOW HITPOINT WARNING * * *
You hit the lemure.
The lemure is heavily wounded.
The lemure hits you.
* * * LOW HITPOINT WARNING * * *
Unknown command.
It was a potion of resistance.
You feel protected. The lemure hits you!
You die...

#...............#
##...###..###
###.............#
#.### ##..#
###....[........#
#.# #..##
##..........>.###
#.# #....
...##...####..##
#.# #.... ######.##
##..# #.# ##...# #
### ##5##
##.#####.#..# ##5##
##.......###.#
##@###..#####.####.
##..#.## ##.###.
###### ##.##. #####


You could see 2 lemures.

Vanquished Creatures
  A water moccasin (D:5)
  An ogre (D:4)
  A phantom (D:4)
  2 lemures (D:4)
  A bullfrog (D:4)
  A scorpion (D:5)
  2 hounds (D:4)
  5 orc wizards
  An iguana (D:4)
  4 worker ants (D:4)
  A hound zombie (D:2)
  A hound skeleton (D:4)
  7 gnolls (D:2)
  8 adders
  An ooze (D:1)
  2 worms
  2 dart slugs
  6 leopard geckos
  8 orcs
  5 bats
  3 giant cockroaches
  8 goblins
  3 hobgoblins
  3 jackals (D:2)
  6 kobolds
  A ball python (D:2)
  6 frilled lizards
  8 rats
98 creatures vanquished.

Notes
Turn   | Place    | Note
-------+----------+-------------------------------------------
     0 | D:1      | Kinoniko the Troll Monk began the quest for the Orb.
     0 | D:1      | Reached XP level 1. HP: 22/22 MP: 0/0
    99 | D:1      | Reached XP level 2. HP: 26/29 MP: 1/1
   179 | D:1      | Reached skill level 1 in Unarmed Combat
   792 | D:2      | Reached XP level 3. HP: 28/36 MP: 2/2
   883 | D:2      | Reached XP level 4. HP: 44/44 MP: 3/3
  1199 | D:2      | Reached XP level 5. HP: 15/53 MP: 4/4
  2065 | D:4      | Reached XP level 6. HP: 49/61 MP: 5/5
  2376 | D:4      | Reached XP level 7. HP: 39/68 MP: 6/6
  2721 | D:4      | Reached skill level 5 in Long Blades
  2721 | D:4      | Reached skill level 5 in Unarmed Combat
  3515 | D:5      | Entered Level 5 of the Dungeon
  3515 | D:5      | Noticed Pikel
  3889 | D:4      | HP: 2/70 [lemure[Pikel] (6)]
  3890 | D:4      | Slain by a lemure

Illustrated notes

Levels and vault maps discovered:
D:1:      lemuel_arrival_rhombus, layout_basic
D:2:      layout_rooms
D:3:      layout_loops_ring
D:4:      layout_layer_cave, bh_walls_and_bars
D:5:      layout_basic, elyvilon_altar_3, nicolae_ossuary_entry_ruins,
          uniq_pikel
D:6:      layout_loops_ring

Skill      XL: |  1  2  3  4  5  6  7 |
---------------+----------------------+-----
Unarmed Combat | 1 2 3 4 5 |  5.6
Long Blades    | 3 4 5 |  5.4
Fighting       | 3 4 |  4.1
Dodging        | |  2.4
Stealth        | |  1.0

Action                   |  1- 3 |  4- 6 |  7- 9 || total
-------------------------+-------+-------+-------++-------
Melee: Unarmed           |    89 |   179 |    60 ||   328
       Punch             |     2 |     1 |     3 ||     6
       Falchion          |       |       |    29 ||    29
  Use: Scroll            |       |     4 |     4 ||     8
       Potion            |       |     4 |     2 ||     6
 Stab: Sleeping          |     1 |     2 |       ||     3
Armor: Robe              |    43 |    68 |    26 ||   137
Dodge: Dodged            |    53 |    94 |    53 ||   200
       Rpst.: Falchion   |       |       |    12 ||    12

Table legend: (Time is in decaauts)
 A = Elapsed time spent in this place.
 B = Non-inter-level travel time spent in this place.
 C = Inter-level travel time spent in this place.
 D = Time resting spent in this place.
 E = Time spent auto-exploring this place.
 F = Levels seen in this place.
 G = Mean time per level.
                   A        B        C        D        E       F      G
               +--------+--------+--------+--------+--------+-----+--------+
         Total |   3873 |   3628 |    245 |    497 |   2439 |   6 |  645.5 |
       Dungeon |   3873 |   3628 |    245 |    497 |   2439 |   6 |  645.5 |
               +--------+--------+--------+--------+--------+-----+--------+

Top non-repeatable levels by time:
     D:4: 1539 daAuts
     D:1: 756 daAuts
     D:2: 652 daAuts
     D:3: 633 daAuts
     D:5: 279 daAuts
     D:6: 12 daAuts
